Map: Thunderbird LE

Players

HateMe

  • Race: Zerg Zerg
  • Spawn Location: 11:00

Astrea - Winner!

  • Race: Protoss Protoss
  • Spawn Location: 5:00

Event: 2019 WCS Summer

VOD

Have the link to the VOD?

Description

Time

  • Played on: July 12, 2019, 10:46 a.m.
  • Length: 23:01

All games in this series

Show
View Real Time Build Order
Export as new Build Order

HateMe Zerg 

Build Orders: Hatch First, Muta Ling Bane 

Get SALT Encoding   

  12  0:00  Drone  
  13  0:12  Overlord  
  13  0:16  Drone  
  14  0:31  Drone x2  
  16  0:48  Hatchery  
  15  0:51  Drone  
  15  0:55  Drone  
  17  0:58  Drone  
  18  1:09  Extractor  
  17  1:13  Spawning Pool  
  17  1:17  Drone  
  17  1:19  Drone  
  18  1:27  Drone  
  19  1:39  Drone  
  20  1:49  Overlord  
  20  2:00  Queen x2  
  25  2:01  Zergling x4  
  26  2:09  Metabolic Boost  
  26  2:12  Zergling x2  
  26  2:13  Zergling x2  
  28  2:26  Zergling x4  
  30  2:36  Hatchery  
  29  2:42  Zergling x4  
  31  2:53  Overlord  
  31  2:55  Drone x2  
  33  2:58  Drone  
  33  3:08  Drone x2  
  33  3:12  Drone  
  36  3:17  Drone  
  36  3:18  Drone  
  36  3:19  Drone x3  
  40  3:20  Drone  
  40  3:26  Drone  
  40  3:33  Overlord  
  38  3:36  Drone  
  38  3:40  Roach Warren  
  38  3:45  Drone x3  
  38  3:47  Drone  
  38  3:48  Drone  
  43  3:53  Queen  
  45  4:06  Drone x7  
  45  4:08  Extractor  
  45  4:09  Extractor  
  50  4:12  Lair  
  50  4:20  Overlord x2  
  50  4:21  Overlord  
  50  4:23  Roach  
  52  4:26  Roach  
  52  4:28  Roach  
  56  4:34  Roach  
  56  4:38  Overlord x2  
  58  4:40  Roach x2  
  58  4:45  Roach x2  
  66  4:59  Overlord  
  66  5:01  Drone x6  
  66  5:03  Drone x4  
  76  5:12  Drone x2  
  78  5:17  Glial Reconstitution, Evolution Chamber  
  78  5:20  Overseer  
  77  5:25  Extractor x2, Roach x4  
  83  5:28  Overlord  
  83  5:36  Roach x4  
  91  5:45  Overlord x2  
  91  5:49  Zerg Missile Weapons Level 1  
  90  5:51  Zergling x2  
  90  5:52  Zergling x14  
  90  5:56  Overlord  
  98  6:00  Ravager  
  98  6:01  Ravager  
  98  6:02  Zergling x6  
  102  6:05  Zergling x2  
  102  6:07  Ravager  
  102  6:10  Zergling x4  
  106  6:14  Overlord  
  105  6:19  Zergling x8  
  105  6:24  Zergling x10  
  105  6:31  Zergling x8  
  109  6:33  Ravager x4  
  109  6:37  Overlord  
  113  6:42  Drone x2  
  113  6:45  Overseer  
  115  6:47  Drone  
  115  6:49  Drone x4  
  115  6:50  Extractor  
  119  6:54  Baneling Nest  
  119  7:00  Drone x2  
  119  7:01  Drone x5  
  125  7:07  Overlord  
  125  7:09  Overlord  
  125  7:13  Ravager x5  
  125  7:14  Ravager  
  131  7:20  Queen  
  133  7:26  Ravager x2  
  133  7:29  Hatchery  
  133  7:32  Zergling x14  
  133  7:34  Zergling x2  
  133  7:35  Zergling x4  
  133  7:42  Centrifical Hooks  
  130  7:45  Drone  
  130  7:46  Drone x4  
  130  7:49  Zerg Melee Weapons Level 1  
  135  7:51  Queen  
  135  7:53  Overlord  
  137  8:02  Drone x5  
  142  8:10  Drone x5  
  146  8:15  Drone  
  146  8:16  Overlord x2, Spire  
  146  8:22  Overseer  
  146  8:23  Zergling x2  
  146  8:24  Zergling x10  
  152  8:32  Zergling x6  
  155  8:39  Zergling x8  
  155  8:40  Baneling x11  
  159  8:48  Zergling x12  
  165  8:53  Hatchery  
  163  8:57  Zergling x10  
  168  9:06  Zergling x6  
  168  9:08  Zergling x8  
  174  9:17  Overlord  
  174  9:18  Overlord  
  174  9:20  Zergling x16  
  181  9:31  Mutalisk  
  181  9:34  Overlord x2  
  181  9:35  Overlord  
  181  9:36  Mutalisk  
  181  9:37  Mutalisk x3  
  191  9:40  Infestation Pit  
  189  9:45  Zergling x2  
  189  9:46  Zergling x10  
  189  9:49  Baneling x13  
  189  9:52  Zergling x8  
  199  9:58  Zerg Melee Weapons Level 2  
  199  10:01  Spine Crawler  
  199  10:02  Spine Crawler  
  199  10:03  Drone x3, Spine Crawler x3  
  199  10:04  Drone x2  
  195  10:18  Hive  
  190  10:39  Corruptor x8  
  200  10:44  Baneling x14  
  198  10:55  Corruptor  
  197  11:15  Baneling x8  
  197  11:16  Baneling x10  
  196  11:32  Adrenal Glands  
  196  11:33  Greater Spire  
  193  11:44  Zergling x2  
  193  11:45  Zergling x38  
  176  11:54  Zergling x2  
  176  11:55  Zergling x38  
  172  12:02  Overseer  
  172  12:03  Overseer  
  172  12:05  Zergling x16  
  172  12:06  Overseer x2  
  176  12:09  Corruptor  
  176  12:10  Corruptor x2  
  176  12:13  Overseer  
  178  12:15  Overseer  
  178  12:21  Drone x5  
  181  12:24  Pneumatized Carapace  
  181  12:35  Baneling x11  
  181  12:38  Extractor  
  181  12:39  Extractor  
  181  12:40  Zergling x24  
  191  12:46  Zergling x14  
  198  12:53  Zergling x2  
  198  13:02  Drone x7  
  198  13:05  Brood Lord x2  
  195  13:09  Brood Lord  
  195  13:10  Zergling x6  
  190  13:19  Brood Lord  
  190  13:24  Zergling x16  
  197  13:30  Zergling x8  
  197  13:33  Brood Lord  
  159  13:36  Zergling x6  
  148  13:45  Zergling x14  
  128  13:49  Zergling x6  
  121  13:59  Zergling x2  
  121  14:00  Zergling x18  
  125  14:05  Roach x3  
  125  14:08  Baneling x6  
  131  14:12  Roach x2  
  131  14:15  Roach x2  
  139  14:18  Roach  
  139  14:21  Baneling  
  139  14:22  Baneling x9  
  141  14:25  Corruptor  
  143  14:39  Corruptor  
  143  14:40  Corruptor  
  143  14:42  Roach x5  
  143  14:43  Ravager  
  143  14:44  Ravager x3  
  155  14:53  Drone x2  
  155  14:54  Drone x6  
  161  15:13  Corruptor x2  
  165  15:31  Brood Lord x3  
  165  15:35  Corruptor x2  
  173  15:41  Drone x2  
  173  15:42  Drone x4  
  179  15:47  Spine Crawler  
  179  15:49  Brood Lord x2, Spine Crawler  
  180  15:51  Overlord  
  180  15:52  Pathogen Glands  
  180  15:53  Zerg Melee Weapons Level 3  
  180  16:15  Overseer  
  180  16:16  Overseer  
  175  16:25  Drone  
  175  16:26  Drone x4  
  180  16:33  Brood Lord x2  
  180  16:39  Spine Crawler  
  181  16:40  Spine Crawler  
  181  16:41  Infestor x3  
  186  16:47  Extractor  
  182  16:57  Infestor  
  182  16:58  Infestor  
  182  16:59  Zergling x24  
  196  17:06  Spore Crawler  
  196  17:07  Spore Crawler  
  192  17:10  Spore Crawler  
  168  17:23  Zergling x20  
  173  17:31  Spire  
  173  17:33  Infestor x2  
  173  17:34  Zergling x6  
  175  17:41  Extractor  
  175  17:43  Zergling x10  
  178  17:53  Queen x4  
  185  18:01  Baneling x6  
  185  18:03  Infestor  
  185  18:04  Drone x2  
  185  18:05  Drone  
  190  18:06  Overlord x2  
  190  18:07  Drone x2  
  190  18:10  Drone x2  
  183  18:14  Drone x2  
  168  18:32  Zergling x20  
  166  18:45  Greater Spire, Corruptor x7  
  179  18:49  Overseer  
  161  18:58  Zergling x16  
  161  19:11  Zergling x8  
  161  19:26  Infestor x4  
  169  19:33  Hatchery  
  169  19:34  Lair  
  168  19:39  Spawning Pool  
  167  19:53  Zergling x20  
  175  20:01  Brood Lord  
  163  20:19  Corruptor x4  
  146  20:34  Infestor x2  
  149  20:39  Drone x4  
  149  20:40  Drone  
  149  20:41  Zergling x14  
  158  20:50  Zergling x8  
  158  20:55  Zergling x4  
  143  21:05  Zergling x16  
  143  21:14  Hive  
  143  21:17  Zergling x2  
  143  21:18  Zergling x8  
  135  21:22  Zergling x4  
  132  21:31  Zergling x10  
  116  21:48  Zergling x2  
  116  21:49  Zergling x18  
  124  22:00  Zergling x12  
  121  22:10  Baneling x6  
  118  22:19  Overseer x3  
  118  22:22  Drone x3  
Show
View Real Time Build Order
Export as new Build Order

Astrea Protoss - Winner!

Build Orders: Nexus First, Phoenix Opening 

Get SALT Encoding   

  12  0:00  Probe  
  13  0:12  Probe  
  14  0:17  Pylon  
  14  0:25  Probe  
  15  0:33  Probe  
  15  0:41  Probe  
  17  0:51  Probe  
  18  1:00  Nexus  
  18  1:03  Probe  
  19  1:13  Probe  
  19  1:14  Gateway  
  20  1:21  Probe, Assimilator  
  21  1:29  Assimilator  
  21  1:31  Probe  
  21  1:39  Pylon  
  22  1:43  Probe  
  23  1:57  Probe  
  23  2:01  Cybernetics Core  
  24  2:05  Zealot  
  26  2:09  Probe x2  
  28  2:17  Probe  
  28  2:21  Probe  
  30  2:27  Probe  
  30  2:30  Sentry  
  30  2:33  Probe  
  31  2:37  Robotics Facility  
  31  2:39  Warp Gate  
  31  2:40  Probe  
  34  2:45  Probe  
  35  2:51  Gateway  
  35  2:52  Probe  
  35  2:54  Sentry  
  35  2:58  Probe  
  39  3:00  Pylon  
  39  3:04  Probe  
  40  3:10  Probe  
  40  3:11  Sentry  
  41  3:16  Probe  
  41  3:19  Gateway  
  42  3:23  Shield Battery  
  42  3:26  Probe  
  43  3:29  Gateway  
  43  3:30  Phoenix  
  43  3:32  Pylon, Warp Prism  
  43  3:37  Sentry  
  47  3:44  Probe x2  
  49  3:51  Pylon  
  49  3:59  Immortal  
  49  4:01  Gateway  
  49  4:02  Gateway x2  
  53  4:15  Gateway  
  53  4:20  Gateway  
  53  4:27  Probe x2  
  53  4:28  Immortal  
  55  4:38  Pylon  
  55  4:39  Probe x2  
  55  4:43  Sentry  
  63  4:46  Sentry  
  63  4:49  Pylon  
  63  4:51  Probe x2  
  67  4:52  Assimilator  
  67  4:58  Immortal  
  67  5:08  Probe x2  
  73  5:15  Assimilator  
  73  5:17  Pylon  
  73  5:27  Pylon, Nexus  
  73  5:35  Stalker x3  
  79  5:44  Stalker x2  
  79  5:46  Stalker  
  85  5:51  Immortal  
  89  6:05  Probe x2  
  89  6:10  Pylon  
  91  6:13  Sentry x2, Zealot x2  
  99  6:24  Sentry, Immortal, Zealot  
  101  6:28  Probe x2  
  103  6:39  Probe  
  108  6:40  Probe  
  108  6:43  Stalker x2  
  108  6:45  Stalker  
  115  6:50  Probe x2  
  115  6:53  Probe  
  118  6:58  Probe x2  
  118  7:03  Observer  
  118  7:05  Probe  
  118  7:07  Probe x2  
  122  7:14  Robotics Bay  
  124  7:18  Pylon  
  124  7:20  Pylon  
  124  7:22  Immortal, Pylon  
  124  7:24  Assimilator, Pylon  
  124  7:29  Assimilator  
  108  7:44  Colossus  
  106  8:02  Extended Thermal Lance  
  112  8:09  Forge  
  112  8:12  Twilight Council  
  112  8:14  Pylon  
  112  8:25  Colossus  
  112  8:26  Stalker x7  
  126  8:33  Nexus  
  126  8:34  Pylon  
  126  8:38  Probe x2  
  126  8:39  Probe  
  135  8:42  Blink  
  135  8:47  Protoss Ground Weapons Level 1  
  135  8:55  Probe x3  
  138  8:57  Pylon x2  
  138  9:00  Photon Cannon  
  138  9:02  Photon Cannon x2  
  136  9:07  Probe  
  136  9:08  Zealot x2  
  139  9:18  Warp Prism  
  145  9:24  Dark Shrine  
  141  9:37  Colossus  
  141  9:38  Photon Cannon  
  141  9:45  Stalker x7  
  145  9:48  Probe  
  145  9:49  Probe  
  157  9:53  Gravitic Drive  
  163  10:09  Forge  
  165  10:21  Probe x3, Assimilator  
  165  10:22  Stalker  
  165  10:23  Assimilator  
  165  10:24  Stalker x6  
  178  10:32  Colossus  
  177  10:40  Protoss Ground Armor Level 1  
  177  10:41  Protoss Ground Weapons Level 2  
  177  10:43  Charge  
  177  10:45  Shadow Stride  
  183  10:52  Zealot x6  
  183  10:53  Observer  
  183  10:54  Zealot  
  191  11:21  Dark Templar  
  191  11:22  Dark Templar x3  
  199  11:31  Warp Prism  
  199  11:36  Photon Cannon  
  197  11:40  Templar Archives  
  162  11:56  Colossus  
  162  11:58  Stalker  
  162  11:59  Stalker x6  
  160  12:04  Gateway  
  160  12:08  Gateway  
  162  12:24  Colossus, Dark Templar x7  
  174  12:32  Protoss Ground Armor Level 2  
  174  12:33  Archon x3  
  174  12:40  Gravitic Boosters, Nexus  
  174  12:41  Pylon  
  174  12:43  Observer  
  175  12:59  Zealot x2  
  175  13:00  Dark Templar  
  175  13:01  Dark Templar  
  183  13:08  Archon  
  183  13:09  Stalker, Archon x3  
  183  13:10  Stalker x4, Archon x2  
  183  13:12  Probe x4  
  185  13:32  Stalker x2  
  185  13:33  Stalker x7  
  131  13:49  Probe  
  118  13:56  Psionic Storm  
  114  14:03  Probe x4  
  114  14:04  Probe  
  114  14:06  Pylon  
  114  14:09  Dark Templar x2  
  123  14:11  High Templar  
  123  14:12  Zealot x4  
  123  14:15  Probe x4  
  123  14:16  Probe  
  138  14:19  Photon Cannon  
  138  14:20  Shield Battery, High Templar  
  138  14:21  High Templar  
  142  14:25  Colossus  
  142  14:27  Probe  
  142  14:31  Protoss Ground Weapons Level 3  
  149  14:41  Protoss Ground Armor Level 3  
  147  15:04  Zealot x4, Dark Templar  
  147  15:05  Zealot x3, Dark Templar  
  143  15:10  Stalker x9  
  143  15:13  Probe x5  
  164  15:14  Assimilator  
  164  15:17  Photon Cannon  
  162  15:47  Stalker x7, High Templar x2  
  178  15:52  Assimilator  
  178  15:54  Colossus  
  178  16:00  Gateway  
  178  16:02  Gateway  
  178  16:04  Gateway  
  182  16:18  Dark Templar x3  
  182  16:19  Zealot x2, Nexus  
  185  16:44  Zealot x6  
  197  17:14  Zealot x6  
  200  17:15  Dark Templar  
  178  17:30  High Templar x4  
  178  17:31  Zealot  
  178  17:35  Observer  
  180  17:37  Protoss Shields Level 1  
  173  17:49  Assimilator, Pylon  
  173  17:50  Assimilator  
  171  17:51  Stalker x8  
  185  18:16  Zealot x5  
  185  18:17  Zealot x2  
  153  18:42  High Templar x2  
  153  18:43  Zealot x10  
  167  19:01  Photon Cannon  
  165  19:04  Photon Cannon  
  165  19:07  Shield Battery  
  165  19:11  Stalker x4  
  165  19:12  Stalker x6  
  165  19:15  High Templar x2  
  173  19:18  Nexus  
  169  19:42  Protoss Shields Level 2, Observer, Nexus  
  169  19:45  Stalker x10, Photon Cannon  
  166  20:28  Zealot x6  
  178  20:29  Dark Templar x2  
  178  20:31  Stalker x3  
  178  20:32  Stalker  
  174  20:52  Stalker x3  
  174  20:53  Stalker x3  
  174  20:55  Stalker x4  
  158  21:22  Stalker x7, High Templar x3  
  158  21:23  High Templar  
  162  21:26  Archon  
  162  21:27  Archon  
  141  21:42  Dark Templar  
  143  21:47  Zealot x5  
  153  21:58  Dark Templar x2  
  153  21:59  High Templar x3  
  153  22:00  High Templar, Nexus  
  163  22:07  Warp Prism  
  161  22:13  Stalker x4  
  161  22:14  Stalker  
  173  22:24  Pylon  
  167  22:38  Stalker x12  
Tags
 
Add a new tag
Caveats
  • Supply blocks, unpowered buildings, or Contaminate may cause inaccurate times.
  • Supply counts are checked every 10 seconds.